 Dungeon Crawl Stone Soup version 0.27.1-33-g824d729ab1 (webtiles) character file.

Game seed: 13715300073168322555

1367 austinbyrn the Cudgeller (level 8, -6/52 HPs)
             Began as a Gargoyle Fighter on Dec 22, 2021.
             Mangled by a manticore (8 damage)
             ... on level 6 of the Dungeon.
             The game lasted 00:07:52 (5860 turns).

austinbyrn the Cudgeller (Gargoyle Fighter)         Turns: 5860, Time: 00:07:52

Health: -6/52      AC: 13    Str: 21    XL:     8   Next: 65%
Magic:  8/8        EV:  8    Int: 10    God:
Gold:   299        SH:  0    Dex:  9    Spells: 7/7 levels left

rFire    . . .     SeeInvis .   l - +2 whip (elec)
rCold    . . .     Faith    .   c - +0 kite shield
rNeg     + . .     Spirit   .   b - +0 scale mail
rPois    ∞         Reflect  .   (no helmet)
rElec    +         Harm     .   a - +0 cloak
rCorr    .         Rampage  .   (no gloves)
Will     .....                  (no boots)
Stlth    ..........             k - amulet of the acrobat
HPRegen  0.17/turn              (no ring)
MPRegen  0.11/turn              (no ring)

@: confused
A: sickness immunity, AC +5, negative energy resistance 1, electricity
resistance, torment resistance 1, petrification resistance
a: no special abilities


You were on level 6 of the Dungeon.
You visited 1 branch of the dungeon, and saw 6 of its levels.

You collected 299 gold pieces.

Inventory:

Hand Weapons
 l - a +2 whip of electrocution (weapon)
Missiles
 s - 8 poisoned darts (quivered)
Armour
 a - a +0 cloak (worn)
 b - a +0 scale mail (worn)
 c - a +0 kite shield (worn)
Jewellery
 k - an amulet of the acrobat (around neck)
Scrolls
 e - a scroll of identify
 h - a scroll of vulnerability {unknown}
 m - 3 scrolls of magic mapping {unknown}
 n - a scroll of fear {unknown}
 o - 3 scrolls of noise {unknown}
 p - a scroll of enchant armour {unknown}
 q - a scroll of silence {unknown}
 t - a scroll of brand weapon {unknown}
 v - a scroll of immolation {unknown}
Potions
 d - a potion of might
 f - a potion of degeneration {unknown}
 i - a potion of magic {unknown}
 j - 2 potions of mutation
 r - a potion of heal wounds {unknown}
 u - a potion of haste {unknown}


   Skills:
 + Level 6.5 Fighting
 * Level 7.5 Maces & Flails
 - Level 3.2 Armour
 + Level 6.5 Shields


You had 7 spell levels left.
You didn't know any spells.
Your spell library was empty.

Dungeon Overview and Level Annotations

Branches:
Dungeon (6/15)
 Temple: D:4-7

Altars:
Fedhas
Zin

Shops:
D:5 [


Innate Abilities, Weirdness & Mutations

You are immune to sickness and miasma.
Your stone body is resilient. (AC +5)
You are immune to poison.
You resist negative energy. (rN+)
You are resistant to electric shocks. (rElec)
You are resistant to unholy torment.
You are immune to petrification.


Message History

The orc hits you with a +0 antimagic war axe.
You feel your power leaking away.
You climb upwards.
There is a stone staircase leading down here.
You hit the orc.
The orc is moderately wounded.
You block the orc's attack.
You hit the orc. Lightning courses through the orc!!
You kill the orc!
No target in view!
No target in view!
No target in view!
No target in view!
You start resting.
Magic restored.
You climb downwards.
The orc wizard casts a spell at you. The magic dart hits you!
There is a stone staircase leading up here.
The manticore bites you but does no damage.
The manticore claws you but does no damage.
You block the manticore's attack.
The orc wizard points at you and mumbles some strange words.
You are confused.
In your confused state, you trip and fall back down the stairs.
The manticore bites you!! The manticore barely misses you.
The manticore claws you!
* * * LOW HITPOINT WARNING * * *
The orc wizard gestures at you while chanting.
The puff of flame misses you. The manticore bites you!
* * * LOW HITPOINT WARNING * * *
The manticore claws you but does no damage. x2
The orc wizard hits you but does no damage.
In your confused state, you trip and fall back down the stairs.
* * * LOW HITPOINT WARNING * * *
The manticore bites you.
* * * LOW HITPOINT WARNING * * *
The manticore claws you!
You die...

#.. #>. #..
#.. ###
..####...#
......#.#
#oH......
#@# #...#.#
#..# #..
### #.# ...
#### #..
..####.#
.#..#
#.)....#
......# #)#
#..##.###.#


You could see a manticore and an orc wizard.

Vanquished Creatures
  Eustachio (D:5)
  A black bear (D:5)
  A necrophage (D:5)
  An ogre (D:3)
  A centaur (D:5)
  A bullfrog (D:5)
  2 scorpions (D:4)
  A water moccasin zombie (D:4)
  3 wights (D:5)
  A jelly (D:4)
  Crazy Yiuf (D:4)
  5 hounds
  A centaur skeleton (D:5)
  Jessica (D:3)
  An iguana (D:4)
  A hound zombie (D:4)
  A hound skeleton (D:5)
  A howler monkey skeleton (D:4)
  6 gnolls
  3 adders
  3 worms
  4 dart slugs
  10 orcs
  7 ball pythons
  8 bats
  7 endoplasms
  5 giant cockroaches
  6 goblins
  5 hobgoblins
  4 quokkas
  3 frilled lizards
  9 kobolds
  6 rats
111 creatures vanquished.

Vanquished Creatures (others)
  2 plants (D:4)
2 creatures vanquished.

Grand Total: 113 creatures vanquished

Notes
Turn   | Place    | Note
-------+----------+-------------------------------------------
     0 | D:1      | austinbyrn the Gargoyle Fighter began the quest for the
                  | Orb.
     0 | D:1      | Reached XP level 1. HP: 14/14 MP: 1/1
    61 | D:1      | Reached XP level 2. HP: 19/19 MP: 2/2
    70 | D:1      | Found a faded altar of an unknown god.
   554 | D:2      | Reached XP level 3. HP: 20/23 MP: 3/3
   708 | D:2      | You fall into a shaft and drop 1 floor!
  1054 | D:2      | Reached skill level 3 in Maces & Flails
  1631 | D:2      | Reached XP level 4. HP: 29/29 MP: 4/4
  1891 | D:3      | Noticed Jessica
  1894 | D:3      | Killed Jessica
  1914 | D:3      | Noticed an ogre
  1919 | D:3      | Killed an ogre
  1920 | D:3      | Reached skill level 4 in Maces & Flails
  1920 | D:3      | Reached XP level 5. HP: 29/34 MP: 5/5
  2024 | D:3      | Reached XP level 6. HP: 31/39 MP: 6/6
  2611 | D:3      | Found the +12 glaive of Prune {vorpal}
  3247 | D:4      | Reached skill level 5 in Maces & Flails
  3303 | D:4      | Found a blossoming altar of Fedhas.
  3410 | D:4      | Reached skill level 5 in Fighting
  3410 | D:4      | Reached skill level 5 in Shields
  3461 | D:4      | Reached XP level 7. HP: 44/44 MP: 7/7
  3591 | D:4      | Found a runed translucent door.
  3592 | D:4      | Noticed Crazy Yiuf
  4017 | D:4      | Found a glowing silver altar of Zin.
  4112 | D:4      | Killed Crazy Yiuf
  4233 | D:5      | Entered Level 5 of the Dungeon
  4264 | D:5      | Found Goomopes's Antique Armour Emporium.
  4284 | D:5      | Reached skill level 6 in Maces & Flails
  4559 | D:5      | Reached XP level 8. HP: 51/51 MP: 8/8
  4924 | D:5      | Noticed Eustachio
  4944 | D:5      | Killed Eustachio
  4945 | D:5      | Reached skill level 7 in Maces & Flails
  5797 | D:6      | Noticed a manticore
  5860 | D:6      | HP: 2/52 [manticore (1)]
  5860 | D:6      | Mangled by a manticore

Illustrated notes

Levels and vault maps discovered:
D:1:      zelgadis_glass_arrival_small, layout_rooms,
          dreamdust_ecumenical_altar_grove
D:2:      layout_loops_ring
D:3:      minmay_octagon_keep, layout_loops_ring, cheibrodos_gnoll_hut,
          uniq_jessica
D:4:      layout_loops_ring, fedhas_ov_isle_minmay,
          nicolae_overflow_hidden_temple, minmay_small_thing,
          uniq_crazy_yiuf_cottage
D:5:      layout_layer_cave, serial_shops, nicolae_square_shop,
          nrook_mini_vaults, grunt_ministairs_12, glass_columns_a,
          uniq_eustachio
D:6:      layout_loops_ring, nicolae_ru_path_of_blood, temple_statues,
          serial_shops, shop, nicolae_lakefront_shop, shop, minmay_three_doors

Skill      XL: |  1  2  3  4  5  6  7  8 |
---------------+-------------------------+-----
Maces & Flails | 3 4 5 6 7 |  7.5
Fighting       | 4 5 6 |  6.5
Shields        | 4 5 6 |  6.5
Armour         | |  3.2

Action                   |  1- 3 |  4- 6 |  7- 9 || total
-------------------------+-------+-------+-------++-------
Melee: Flail             |   104 |       |       ||   104
       Whip              |    10 |   143 |   137 ||   290
Throw: Dart              |       |       |     2 ||     2
  Use: Scroll            |       |       |     2 ||     2
       Potion            |       |       |     1 ||     1
Armor: Scale mail        |    62 |    55 |    87 ||   204
Dodge: Dodged            |    31 |    38 |   100 ||   169
Block: Kite shield       |    64 |    65 |   101 ||   230
